 Dungeon Crawl Stone Soup version 0.19-a0-1899-g2d93087 (webtiles) character file.

14 Lochraine the Digger (level 2, 0/15 HPs)
             Began as a Gargoyle Earth Elementalist on Oct 20, 2016.
             Slain by a jackal (1 damage)
             ... on level 1 of the Dungeon.
             The game lasted 00:01:53 (570 turns).

Lochraine the Digger (Gargoyle Earth Elementalist)   Turns: 570, Time: 00:01:53

Health: 0/15       AC:  4    Str: 11    XL:     2   Next: 41%
Magic:  0/5        EV: 12    Int: 15    God:
Gold:   20         SH:  0    Dex: 10    Spells: 1 memorised, 5 levels left

rFire  . . .     SeeInvis .     a - +0 whip
rCold  . . .     Gourm    .     c - +0 robe
rNeg   + . .     Faith    .     (no shield)
rPois  ∞         Spirit   .     (no helmet)
rElec  +         Reflect  .     (no cloak)
rCorr  .         Harm     .     (no gloves)
MR     .....                    (no boots)
Stlth  ++........               (no amulet)
                                (no ring)
                                (no ring)

@: no status effects
A: negative energy resistance 1, electricity resistance, unbreathing,
petrification resistance, rot immunity, AC +2
a: no special abilities


You were on level 1 of the Dungeon.
You were not hungry.

You visited 1 branch of the dungeon, and saw 1 of its levels.

You collected 20 gold pieces.

Inventory:

Hand Weapons
 a - a +0 whip (weapon)
Missiles
 b - 23 stones (quivered)
Armour
 c - a +0 robe (worn)
Scrolls
 g - a scroll of amnesia {unknown}
 h - a scroll of remove curse {unknown}
Potions
 f - a potion of cancellation
 i - a potion of berserk rage {unknown}
Books
 e - a book of Geomancy

   Spells                             Type                      Level
   a - Sandblast                      Earth                        1
   b - Passwall                       Transmutation/Earth          2
   c - Stone Arrow                    Conjuration/Earth            3
   d - Petrify                        Transmutation/Earth          4
   e - Lee's Rapid Deconstruction     Earth                        5
Comestibles
 d - a bread ration


   Skills:
 - Level 1.5 Dodging
 - Level 2.1 Stealth
 + Level 2.5 Spellcasting
   Level 0.7 Transmutations
 + Level 3.9 Earth Magic


You had 5 spell levels left.
You knew the following spells:

 Your Spells              Type           Power        Failure   Level  Hunger
a - Sandblast             Erth           ##....       4%          1    #......


Dungeon Overview and Level Annotations

Branches:
Dungeon (1/15)

Altars:
The Shining One


Innate Abilities, Weirdness & Mutations

You are resistant to torment.
Your stone body is resilient. (AC +2)
You are immune to poison.
You resist negative energy. (rN+)
You are resistant to electric shocks. (rElec)
You can survive without breathing.
You are immune to petrification.
You are immune to rotting.


Message History

You closely miss the jackal.
The jackal bites you but does no damage.
You hit the jackal but do no damage. The jackal closely misses you.
The jackal bites you.
* * * LOW HITPOINT WARNING * * *
Casting: Sandblast
Confirm with . or Enter, or press ? or * to list all spells.
You don't have enough magic to cast that spell.
The jackal bites you.
* * * LOW HITPOINT WARNING * * *
Casting: Sandblast
Confirm with . or Enter, or press ? or * to list all spells.
Aiming: Sandblast
Press: ? - help, Shift-Dir - straight line, f/p - jackal
Aim: a jackal The blast of sand hits the jackal.
The jackal bites you but does no damage.
It was a potion of cancellation.
You feel magically purged. The jackal misses you. The jackal bites you.
You die...

.........####.
#.....⌠..#.##.
####.....#.##.
#..#######.##. #####
#...........#. .....#
##.........#... ......#
#..........# #.
.......#######..........# #.
....)..†..h@..........>.###.
.......########.............
....... #..........###
....... #..........###
....... #.............
.....h. #.........###.
....... ##.......## #.
....... ##.....## ## ######
#


You could see a jackal.

Vanquished Creatures
  A leopard gecko (D:1)
  3 hobgoblins (D:1)
  2 jackals (D:1)
  4 kobolds (D:1)
  2 rats (D:1)
12 creatures vanquished.

Notes
Turn   | Place    | Note
-------+----------+-------------------------------------------
     0 | D:1      | Lochraine the Gargoyle Earth Elementalist began the quest for the Orb.
     0 | D:1      | Reached XP level 1. HP: 10/10 MP: 3/3
   279 | D:1      | Reached XP level 2. HP: 6/15 MP: 1/5
   470 | D:1      | Found a glowing golden altar of the Shining One.
   570 | D:1      | Slain by a jackal

Vault maps used:
D:1:      dpeg_arrival_arbitrary_c, kennysheep_flooded_box

Action                   || total
-------------------------++-------
Melee: Whip              ||    28
Throw: Stone             ||     7
 Cast: Sandblast         ||    20
  Use: Potion            ||     1
Armor: Robe              ||    13
Dodge: Dodged            ||    34
